AoeStats
← Breakfast

African Clearing

510565661Analyzed
4v4 RM · 2d ago on Oct 1, 2026· 64m 21s· 8 players
Game mode
Random Map
Map size
Large (8 player)
Population
200
Speed
Normal
Resources
Standard
Victory
Conquest
Starting age
Dark Age
Ending age
Imperial Age
RankedLock teamsTeams togetherTeam positionsShared explorationLock speedFull tech treeHidden civsTurbo modeCheats
Victory
Defeat
🇨🇳 Huns · China
1679
+16
🇨🇳 Varangians · China
1660
+17
🇨🇳 Magyars · China
1605
+19
🇨🇳 Magyars · China
1600
+19
🇬🇧 Danes · United Kingdom
1749
-22
🇬🇧 Varangians · United Kingdom
1705
-19
🇬🇧 Saxons · United Kingdom
1619
-15
🇬🇧 Italians · United Kingdom
1612
-15
LY006
12:02 Feudal Age
10:56 Loom
15:19 Scale Barding Armor
19:07 Castle Age
18:12 Gold Mining
18:08 Double-Bit Axe
18:47 Bloodlines
18:24 Horse Collar
23:37 Bow Saw
28:03 Town Watch
28:48 Chain Barding Armor
33:08 Wheelbarrow
32:43 Husbandry
38:21 Imperial Age
38:40 Forging
40:15 Fletching
40:16 Cavalier
40:18 Light Cavalry
41:35 Iron Casting
42:20 Squires
46:50 Conscription
47:31 Elite Skirmisher
55:01 Hand Cart
55:10 Padded Archer Armor
55:25 Bodkin Arrow
56:07 Plate Barding Armor
56:33 Blast Furnace
55:56 Ballistics
56:56 Bracer
58:28 Leather Archer Armor
59:56 Ring Archer Armor
61:00 Chemistry
60:04 Caravan
60:21 Masonry
61:02 Guilds
61:46 Fortified Wall
62:20 Coinage
64:23 Town Patrol
64:07 Hussar
64:11 Vendel Legacy
LUCKY
7:43 Loom
13:30 Feudal Age
14:29 Double-Bit Axe
17:49 Castle Age
17:33 Horse Collar
18:46 Bow Saw
20:15 Heavy Plow
20:23 Town Watch
23:35 Wheelbarrow
24:45 Fishing Lines
25:39 Hand Cart
29:49 Gillnets
30:23 Gold Mining
30:24 Stone Mining
32:27 Gold Shaft Mining
32:55 Bloodlines
32:45 Husbandry
32:06 Light Cavalry
36:09 Imperial Age
34:15 Marauders
35:17 Scale Barding Armor
35:23 Forging
36:48 Elite Tarkan
39:11 Chain Barding Armor
39:49 Conscription
40:07 Iron Casting
44:27 Plate Barding Armor
45:16 Blast Furnace
48:09 Two-Man Saw
49:50 Fletching
51:45 Hussar
57:44 Bodkin Arrow
60:35 Bracer
只会打步弓
9:21 Loom
12:21 Feudal Age
14:10 Double-Bit Axe
15:22 Scale Barding Armor
20:52 Castle Age
19:29 Horse Collar
20:09 Bloodlines
20:53 Fletching
21:37 Bodkin Arrow
22:38 Padded Archer Armor
23:31 Town Watch
25:07 Ballistics
26:56 Leather Archer Armor
36:12 Gold Mining
36:34 Bow Saw
36:26 Heavy Plow
37:28 Masonry
37:55 Wheelbarrow
40:25 Imperial Age
39:34 Thumb Ring
40:59 Hand Cart
41:21 Gold Shaft Mining
40:37 Stone Mining
41:26 Bracer
42:44 Chemistry
42:13 Recurve Bow
43:13 Ring Archer Armor
43:51 Parthian Tactics
43:12 Heavy Cavalry Archer
45:27 Conscription
46:40 Town Patrol
47:14 Coinage
54:54 Chain Barding Armor
54:16 Treadmill Crane
54:31 Murder Holes
54:42 Siege Engineers
57:01 Caravan
57:32 Banking
61:41 Crop Rotation
小胖子
8:39 Loom
11:27 Feudal Age
12:37 Double-Bit Axe
14:27 Horse Collar
20:08 Scale Barding Armor
25:03 Castle Age
23:56 Gold Mining
24:05 Fletching
24:19 Padded Archer Armor
24:32 Bloodlines
25:47 Bodkin Arrow
28:19 Husbandry
30:31 Elite Skirmisher
37:56 Ballistics
40:17 Thumb Ring
45:35 Imperial Age
45:24 Wheelbarrow
47:12 Parthian Tactics
47:12 Bracer
48:49 Chemistry
49:03 Recurve Bow
49:24 Conscription
50:18 Heavy Cavalry Archer
52:14 Hand Cart
51:45 Town Watch
52:55 Light Cavalry
54:24 Coinage
54:13 Hussar
55:15 Chain Barding Armor
55:13 Leather Archer Armor
55:52 Banking
56:24 Capped Ram
57:30 Chain Barding Armor
57:44 Ring Archer Armor
57:18 Heavy Plow
57:28 Bow Saw
59:53 Gold Shaft Mining
60:45 Plate Barding Armor
Reilled
8:02 Loom
14:52 Feudal Age
18:34 Castle Age
16:43 Double-Bit Axe
16:45 Horse Collar
19:47 Bow Saw
19:38 Heavy Plow
23:40 Town Watch
28:12 Wheelbarrow
31:27 Imperial Age
30:27 Hand Cart
30:22 Fletching
29:56 Crossbowman
31:58 Pikeman
35:33 Bodkin Arrow
36:33 Ballistics
38:12 Town Patrol
38:18 Bracer
38:13 Guard Tower
40:16 Keep
40:12 Arrowslits
40:40 Heavy Plow
41:09 Padded Archer Armor
42:11 Chemistry
41:05 Arbalester
42:22 Thumb Ring
42:42 Halberdier
43:22 Squires
43:24 Scale Mail Armor
43:34 Forging
45:35 Chain Mail Armor
46:29 Conscription
45:30 Shield Wall
47:31 Plate Mail Armor
47:37 Iron Casting
50:52 Leather Archer Armor
57:13 Ring Archer Armor
57:04 Capped Ram
58:11 Elite Skirmisher
58:56 Elite Skirmisher
Breakfast
9:33 Loom
11:57 Feudal Age
13:09 Double-Bit Axe
15:28 Fletching
25:38 Wheelbarrow
26:01 Scale Mail Armor
28:29 Castle Age
27:57 Padded Archer Armor
28:15 Horse Collar
29:10 Bodkin Arrow
29:19 Crossbowman
33:00 Leather Archer Armor
34:53 Town Watch
35:54 Ballistics
53:19 Hand Cart
59:16 Imperial Age
58:09 Leather Archer Armor
57:59 Heavy Plow
57:49 Gold Mining
57:51 Stone Mining
60:09 Bracer
60:49 Conscription
61:37 Ring Archer Armor
62:41 Chemistry
63:08 Conscription
Capyphract
13:36 Feudal Age
11:53 Loom
13:44 Feudal Age
15:36 Double-Bit Axe
17:57 Castle Age
19:50 Bow Saw
23:28 Horse Collar
24:13 Town Watch
25:52 Wheelbarrow
28:24 Hand Cart
28:52 Ballistics
32:14 Imperial Age
30:47 Squires
30:57 Heavy Plow
31:10 Fletching
31:24 Gold Mining
32:13 Scale Mail Armor
33:08 Chain Mail Armor
33:27 Arson
34:19 Plate Mail Armor
34:53 Forging
34:56 Elite Jomsviking
36:30 Iron Casting
38:24 Blast Furnace
37:12 Gambesons
38:19 Bodkin Arrow
38:37 Masonry
40:05 Chemistry
39:56 Stone Mining
40:26 Hamask
42:38 Conscription
42:33 Devotion
44:32 Hoardings
45:46 Coinage
46:52 Bracer
46:43 Northmen's Fury
55:55 Northmen's Fury
58:18 Siege Engineers
Ronnie Hotdogs
3:57 Loom
12:15 Feudal Age
16:27 Castle Age
14:43 Double-Bit Axe
20:27 Town Watch
27:04 Bow Saw
34:42 Horse Collar
37:25 Ballistics
39:25 Masonry
42:39 Wheelbarrow
46:14 Imperial Age
45:19 Gold Mining
46:25 Fletching
46:35 Murder Holes
46:20 Heavy Scorpion
48:02 Two-Man Saw
47:10 Siege Engineers
49:26 Hand Cart
49:12 Heavy Plow
51:36 Hand Cart
52:20 Bodkin Arrow
53:19 Hand Cart
55:48 Crop Rotation
57:37 Scale Barding Armor
58:06 Forging
58:59 Chain Barding Armor
59:43 Crop Rotation
59:44 Bloodlines
59:34 Husbandry
58:55 Light Cavalry
60:41 Plate Barding Armor
61:15 Iron Casting
61:37 Hussar
Connection lost

Rejoining the realm…

Still unreachable

The connection could not be restored.

Session expired

The server has moved on; the page needs a fresh start.